AoeStats
← [KMNB] Bandeira

African Clearing

505934243Analyzed
2v2 RM · 22d ago on Sep 11, 2026· 21m 8s· 4 players
Game mode
Random Map
Map size
Medium (4 player)
Population
200
Speed
Normal
Resources
Standard
Victory
Conquest
Starting age
Dark Age
Ending age
Imperial Age
RankedLock teamsTeams togetherTeam positionsShared explorationLock speedFull tech treeHidden civsTurbo modeCheats
Victory
Defeat
🇧🇷 Persians · Brazil
1568
+15
🇧🇷 Huns · Brazil
1558
+15
🇨🇳 Jurchens · China
1559
-16
🇨🇭 Tatars · Switzerland
1523
-14
Ziemilchdoof
8:14 Loom
12:20 Feudal Age
15:14 Scale Barding Armor
Yo
5:19 Loom
12:06 Feudal Age
13:03 Double-Bit Axe
15:30 Fletching
[KMNB] Bandeira
6:52 Loom
12:24 Feudal Age
13:24 Double-Bit Axe
18:48 Scale Barding Armor
18:54 Forging
Fs.Khronos
3:00 Loom
11:46 Feudal Age
12:34 Double-Bit Axe
17:35 Castle Age
18:12 Fletching
18:59 Bow Saw
Connection lost

Rejoining the realm…

Still unreachable

The connection could not be restored.

Session expired

The server has moved on; the page needs a fresh start.